 Dungeon Crawl Stone Soup version 0.22-a0-395-gfed312b (webtiles) character file.

10104 Gildeon the Chopper (level 11, -3/104 HPs)
             Began as a Troll Fighter on May 2, 2018.
             Was an Elder of Kikubaaqudgha.
             Succumbed to Sonja's poison
             ... on level 11 of the Dungeon on May 3, 2018.
             The game lasted 01:05:46 (8697 turns).

Gildeon the Chopper (Troll Fighter)                 Turns: 8697, Time: 01:05:47

Health: -3/104     AC: 12    Str: 26    XL:     11   Next: 31%
Magic:  26/26      EV: 11    Int:  7    God:    Kikubaaqudgha [****..]
Gold:   653        SH:  0    Dex: 11    Spells: 9/19 levels left

rFire    . . .     SeeInvis +   a - +3 war axe
rCold    . . .     Gourm    +   (no shield)
rNeg     . . .     Faith    .   v - +1 troll leather armour
rPois    .         Spirit   .   (helmet restricted)
rElec    .         Reflect  .   e - +2 cloak
rCorr    .         Harm     .   (gloves unavailable)
MR       .....                  (boots unavailable)
Stlth    +.........             y - amulet of regeneration
HPRegen  1.47/turn              k - ring of see invisible
MPRegen  0.20/turn              w - ring of magical power

@: lethally poisoned (-3 -> -23), drained
A: large, unfitting armour, claws 3, talons 1, clever 1, fast metabolism 3,
gourmand, regeneration 1, shaggy fur 1, tough skin 2
a: Receive Corpses, Renounce Religion


You were on level 11 of the Dungeon.
You worshipped Kikubaaqudgha.
Kikubaaqudgha was greatly pleased with you.
You were very full.

You visited 1 branch of the dungeon, and saw 11 of its levels.

You collected 653 gold pieces.

Inventory:

Hand Weapons
 a - a +3 war axe (weapon)
 q - a +1 flail of crushing
 t - a +0 arbalest
 u - a +1 shortbow of flaming
Missiles
 g - 119 arrows
 h - 131 bolts
Armour
 b - a +0 robe
 e - a +2 cloak (worn)
 v - a +1 troll leather armour (worn)
Jewellery
 k - a ring of see invisible (left claw)
 p - an uncursed ring of flight
 w - a ring of magical power (right claw)
 y - an amulet of regeneration (around neck)
Wands
 o - a wand of flame (16)
Scrolls
 c - 9 scrolls of remove curse
 d - 3 scrolls of teleportation
 r - a scroll of blinking
Potions
 i - a potion of brilliance
 l - a potion of resistance
 m - 2 potions of invisibility
 x - a potion of haste {unknown}
Comestibles
 f - 21 rations


   Skills:
 - Level 5.4(5.1) Fighting
 - Level 5.6(5.3) Axes
 + Level 5.2(4.9) Bows
 - Level 5.3(5.0) Crossbows
 - Level 5.2(4.9) Armour
 - Level 5.0(4.7) Dodging
   Level 2.4(2.1) Shields
 - Level 4.6(4.3) Spellcasting


You had 9 spell levels left.
You knew the following spells:

 Your Spells              Type           Power        Failure   Level  Hunger
a - Animate Skeleton      Necr           N/A          32%         1    #......
b - Pain                  Necr           #...         32%         1    #......
c - Sublimation of Blood  Necr           #.........   45%         2    ###....
d - Magic Dart            Conj           #...         32%         1    #......
e - Searing Ray           Conj           #.....       45%         2    ###....
f - Flame Tongue          Conj/Fire      #....        32%         1    #......
g - Throw Flame           Conj/Fire      #.....       45%         2    ###....


Dungeon Overview and Level Annotations

Branches:
Dungeon (11/15)            Temple (0/1) D:4            Lair (0/6) D:11
    Orc (0/2) D:9

Altars:
Ashenzari
Cheibriados
Kikubaaqudgha
Okawaru
Qazlal
Ru
Wu Jian
Yredelemnul

Annotations:
D:11 Sonja


Innate Abilities, Weirdness & Mutations

You are too large for most types of armour.
You have claws for hands.
Your metabolism is lightning-fast.
You like to eat raw meat.
Your natural rate of healing is unusually fast.
You are covered in fur. (AC +1)
You have very tough skin. (AC +2)
You have sharp toenails.
Your mind is acute. (Int +2)


Message History

* * * LOW HITPOINT WARNING * * *
You feel very sick. Sonja closely misses you. Sonja barely misses you.
Sonja hits you with an uncursed short sword of venom.
* * * LOW HITPOINT WARNING * * *
Sonja gestures wildly while chanting.
Sonja blinks!
* * * LOW HITPOINT WARNING * * *
You feel very sick.
* * * LOW HITPOINT WARNING * * *
You feel very sick.
* * * LOW HITPOINT WARNING * * *
You feel very sick.
Sonja hits you with an uncursed short sword of venom.
* * * LOW HITPOINT WARNING * * *
Sonja misses you. Sonja hits you but does no damage.
You are more poisoned.
You barely miss Sonja. Your kick misses Sonja.
You die...
Kikubaaqudgha rasps: "You have failed me!
Welcome... death!"

#..........'...
#..........#...
#(.........#...
##########..........#.##
..........####.....#####
..(.......#.<#.....#..#.
..........'..+.....#..#.
.........(#..#.....#..#.
.......@..#..#.....#..##
####(..K..#..#.....##'##
#......#..#.....#....
#......#..'.....#....
#......#..#.....#....
#......#..#.....#....
#(.....#..#.....#....
#..(...##.#.....#####
.########.###.....###


You could see Sonja.

Vanquished Creatures
  2 two-headed ogres (D:9)
  An unseen horror (D:11)
  An ugly thing (D:11)
  A cyclops (D:11)
  A manticore (D:11)
  A kobold demonologist (D:9)
  2 trolls
  Sigmund (D:3)
  3 yaks (D:11)
  A hell hound (D:11)
  2 sky beasts
  4 ice beasts
  4 orc warriors
  A black bear (D:9)
  3 ogres
  7 centaurs
  3 phantoms
  The ghost of VDreamerV the Insei, an amateur OpTm (D:3)
  A crocodile (D:10)
  3 big kobolds
  6 bullfrogs
  A wyvern skeleton (D:9)
  4 scorpions
  7 wights (D:11)
  4 killer bees (D:10)
  5 crimson imps
  A centaur zombie (D:7)
  4 hounds
  4 jellies
  A quasit (D:7)
  A bullfrog skeleton (D:11)
  3 orc priests (D:4)
  An iguana (D:11)
  3 centaur skeletons
  9 orc wizards
  6 worker ants
  A hound zombie (D:6)
  13 adders
  A shadow imp (D:10)
  2 oozes
  An adder skeleton (D:7)
  3 worms
  A dart slug (D:1)
  7 leopard geckos
  37 orcs
  5 bats
  4 giant cockroaches
  6 goblins
  5 hobgoblins
  6 jackals
  13 kobolds
  3 quokkas
  A ball python (D:2)
  3 frilled lizards
  8 rats
  A rat zombie (D:3)
224 creatures vanquished.

Vanquished Creatures (collateral kills)
  A cyclops (D:11)
  A merfolk (D:9)
  A hell hound (D:11)
  A phantom (D:10)
  A bullfrog (D:8)
  2 crimson imps
  2 orc wizards (D:11)
  2 orcs
  4 kobolds (D:10)
15 creatures vanquished.

Vanquished Creatures (others)
  5 toadstools (D:1)
5 creatures vanquished.

Grand Total: 244 creatures vanquished

Notes
Turn   | Place    | Note
-------+----------+-------------------------------------------
     0 | D:1      | Gildeon the Troll Fighter began the quest for the Orb.
     0 | D:1      | Reached XP level 1. HP: 22/22 MP: 0/0
    44 | D:1      | Found a shattered altar of Ashenzari.
    64 | D:1      | Reached XP level 2. HP: 25/29 MP: 1/1
   780 | D:2      | Reached XP level 3. HP: 26/36 MP: 2/2
  1601 | D:3      | Reached XP level 4. HP: 36/44 MP: 3/3
  1615 | D:3      | Noticed VDreamerV's ghost (amateur OpTm)
  1625 | D:3      | Killed VDreamerV's ghost
  1625 | D:3      | Reached XP level 5. HP: 25/50 MP: 4/4
  1902 | D:3      | Noticed an ice beast
  1913 | D:3      | Killed an ice beast
  1913 | D:3      | Reached skill level 5 in Axes
  1913 | D:3      | Reached XP level 6. HP: 26/59 MP: 5/5
  1931 | D:3      | Noticed Sigmund
  1942 | D:3      | Killed Sigmund
  1967 | D:3      | Found an ancient bone altar of Kikubaaqudgha.
  1975 | D:3      | Became a worshipper of Kikubaaqudgha
  2085 | D:4      | Found a staircase to the Ecumenical Temple.
  2093 | D:4      | Reached XP level 7. HP: 32/70 MP: 6/6
  2275 | D:4      | Learned a level 1 spell: Magic Dart
  2278 | D:4      | Learned a level 2 spell: Searing Ray
  2382 | D:4      | Noticed an air elemental
  2383 | D:4      | Found a stormy altar of Qazlal.
  2389 | D:4      | Noticed a water elemental
  2394 | D:4      | Noticed a fire elemental
  2474 | D:4      | Found a sacrificial altar of Ru.
  2506 | D:4      | Reached skill level 5 in Fighting
  2510 | D:4      | Reached * piety under Kikubaaqudgha
  2510 | D:4      | Identified Kikubaaqudgha's Disquisition on Black Rituals (Kikubaaqudgha gifted it to you on level 4 of the Dungeon)
  2510 | D:4      | Received a gift from Kikubaaqudgha
  2516 | D:4      | Learned a level 1 spell: Animate Skeleton
  2518 | D:4      | Learned a level 1 spell: Pain
  2751 | D:5      | Entered Level 5 of the Dungeon
  2871 | D:5      | Reached skill level 1 in Armour
  3802 | D:6      | Reached XP level 8. HP: 79/80 MP: 7/7
  3849 | D:6      | HP: 4/80 [poisoned by a scorpion]
  3854 | D:6      | HP: 2/80 [poisoned by a scorpion]
  3859 | D:6      | HP: 1/80 [poisoned by a scorpion]
  3864 | D:6      | HP: 1/80 [poisoned by a scorpion]
  3869 | D:6      | HP: 2/80 [poisoned by a scorpion]
  3876 | D:6      | HP: 4/80 [poisoned by a scorpion]
  3879 | D:6      | HP: 1/80 [centaur/arrow (5)]
  3884 | D:6      | HP: 1/80 [centaur (4)]
  4050 | D:6      | Reached skill level 5 in Armour
  4269 | D:6      | Found a basalt altar of Yredelemnul.
  4346 | D:6      | Found an ornate altar of the Wu Jian Council.
  4624 | D:7      | Learned a level 2 spell: Sublimation of Blood
  5131 | D:8      | Reached skill level 5 in Dodging
  5239 | D:8      | Reached skill level 1 in Bows
  5239 | D:8      | Reached XP level 9. HP: 37/88 MP: 8/8
  5837 | D:9      | Gained mutation: Your mind is acute. (Int +2) [potion of mutation]
  5837 | D:9      | Gained mutation: You have sharp toenails. [potion of mutation]
  6057 | D:9      | Noticed a two-headed ogre
  6067 | D:9      | Killed a two-headed ogre
  6067 | D:9      | Reached skill level 5 in Bows
  6106 | D:9      | Found a snail-covered altar of Cheibriados.
  6128 | D:9      | Reached ** piety under Kikubaaqudgha
  6156 | D:9      | Noticed a troll
  6166 | D:9      | Killed a troll
  6166 | D:9      | Reached skill level 1 in Crossbows
  6262 | D:9      | Reached XP level 10. HP: 94/96 MP: 9/9
  6272 | D:9      | Learned a level 1 spell: Flame Tongue
  6272 | D:9      | Upgraded the game from 0.22-a0-392-g5dc3fd9 to 0.22-a0-395-gfed312b
  6383 | D:9      | Noticed a two-headed ogre
  6394 | D:9      | Killed a two-headed ogre
  6472 | D:9      | Found a staircase to the Orcish Mines.
  6578 | D:10     | Entered Level 10 of the Dungeon
  6588 | D:10     | Noticed a rust devil
  6588 | D:10     | Noticed a sun demon
  6726 | D:10     | Reached skill level 5 in Crossbows
  7093 | D:10     | Learned a level 2 spell: Throw Flame
  7195 | D:10     | Reached skill level 1 in Spellcasting
  7228 | D:10     | Reached *** piety under Kikubaaqudgha
  7228 | D:10     | Identified Kikubaaqudgha's Papyrus of Darkness (Kikubaaqudgha gifted it to you on level 10 of the Dungeon)
  7228 | D:10     | Received a gift from Kikubaaqudgha
  7402 | D:10     | Found an iron altar of Okawaru.
  7617 | D:11     | Found a staircase to the Lair.
  7714 | D:11     | Noticed a purple ugly thing
  7730 | D:11     | Killed a purple ugly thing
  7954 | D:11     | Noticed a manticore
  7968 | D:11     | Killed a manticore
  7968 | D:11     | Reached XP level 11. HP: 62/104 MP: 15/15
  8243 | D:11     | Reached **** piety under Kikubaaqudgha
  8274 | D:11     | Noticed an unseen horror
  8296 | D:11     | Killed an unseen horror
  8657 | D:11     | Noticed Sonja
  8695 | D:11     | HP: 4/104 [poisoned by Sonja]
  8696 | D:11     | HP: 1/104 [Sonja/uncursed short sword of venom (1)]
  8697 | D:11     | Succumbed to Sonja's poison

Vault maps used:
D:1:      ldierk_walled_garden, minmay_hexomino_r4
D:2:      serial_curves, eino_curves_02, eino_curves_01
D:3:      lemuel_zombie_altar_kikubaaqudgha, first_ration,
          minmay_randomly_rotated_circles, uniq_sigmund
D:4:      lemuel_round_altar, nicolae_qazlal_style_of_elements,
          minmay_temple_entry_grid, kennysheep_generic_room_11
D:5:      kennysheep_spiral_hall
D:6:      lemuel_crystal_altar, kennysheep_mini
D:9:      cheibrodos_worm_habitat, orc_0_dummy, hangedman_fish_farm
D:10:     okawaru_trees_2
D:11:     minmay_lair_entry_lava, uniq_sonja

Skill      XL: |  1  2  3  4  5  6  7  8  9 10 11 |
---------------+----------------------------------+-----
Axes           | 2 3 4 5 |  5.6
Fighting       | 4 5 |  5.4
Armour         | 3 5 |  5.2
Dodging        | 5 |  5.0
Bows           | 1 5 |  5.2
Crossbows      | 2 5 |  5.3
Spellcasting   | 3 4 |  4.6
Shields        | |  2.4

Action                   |  1- 3 |  4- 6 |  7- 9 | 10-12 || total
-------------------------+-------+-------+-------+-------++-------
Melee: War axe           |   108 |    68 |   303 |   199 ||   678
       Kick              |       |       |    13 |    65 ||    78
 Fire: Shortbow          |       |       |   164 |   110 ||   274
       Arbalest          |       |       |       |     7 ||     7
 Cast: Animate Skeleton  |       |       |     8 |    29 ||    37
Invok: Receive Corpses   |       |       |     1 |       ||     1
Evoke: Wand              |       |       |       |    39 ||    39
  Use: Scroll            |     7 |     2 |    14 |     6 ||    29
       Potion            |       |     2 |     5 |     5 ||    12
 Stab: Paralysed         |       |       |       |     1 ||     1
  Eat: Chunk             |    18 |     7 |    39 |    25 ||    89
Armor: Robe              |    44 |    17 |   155 |    33 ||   249
       Troll leather arm |       |       |       |   117 ||   117
Dodge: Dodged            |    74 |    35 |   231 |   222 ||   562

Table legend:
 A = Spawn XP
 B = Non-spawn XP
 C = Spawn XP percentage of total XP
 D = Spawn monster count
 E = Non-spawn monster count
 F = Spawn count percentage of total count
 G = Total turns spent on level
                    A         B        C        D         E        F      G
               +---------+---------+-------+---------+---------+-------+---------
         Total |       0 |   14435 |   0.0 |       0 |     239 |   0.0 |  8697
               +---------+---------+-------+---------+---------+-------+---------
           D:1 |       0 |      29 |   0.0 |       0 |      16 |   0.0 |   510
           D:2 |       0 |      64 |   0.0 |       0 |      17 |   0.0 |  1053
           D:3 |       0 |     526 |   0.0 |       0 |      23 |   0.0 |   456
           D:4 |       0 |     373 |   0.0 |       0 |      23 |   0.0 |   732
           D:5 |       0 |     190 |   0.0 |       0 |       9 |   0.0 |   715
           D:6 |       0 |     965 |   0.0 |       0 |      17 |   0.0 |  1000
           D:7 |       0 |     559 |   0.0 |       0 |       9 |   0.0 |   522
           D:8 |       0 |     892 |   0.0 |       0 |      19 |   0.0 |   841
           D:9 |       0 |    3605 |   0.0 |       0 |      17 |   0.0 |   758
          D:10 |       0 |    2150 |   0.0 |       0 |      43 |   0.0 |  1064
          D:11 |       0 |    5082 |   0.0 |       0 |      46 |   0.0 |  1046
               +---------+---------+-------+---------+---------+-------+---------
